[ PARTIDA AOE2 · #488242022 ]
UnrankedJemeres vs None
Equipo del jugador · VICT
Equipo rival · DERR
[ ANÁLISIS DE REPETICIÓN · EXTRAÍDO DE LA PARTIDA GRABADA ]
Feudal
5:00
Castillos
8:44
Imperial
13:53
| APM promedio | 8.5 |
| APM pico | 70 |
| eAPM promedio | 8.1 |
| Aldeanos / militares | 13 / 15 |
Foco
⚔️ 19.3% · 🌾 80.7%
Mangonel ×15
Feudal
4:05
Castillos
7:10
Imperial
11:08
| APM promedio | 19.9 |
| APM pico | 113 |
| eAPM promedio | 17.5 |
| Aldeanos / militares | 93 / 911 |
Foco
⚔️ 43.8% · 🌾 56.2%
Skirmisher ×565 · Spearman ×160 · Petard ×95 · Eagle Scout ×30 · Archer ×25 · Jaguar Warrior ×25
Feudal
4:54
Castillos
10:33
Imperial
23:32
| APM promedio | 13.7 |
| APM pico | 46 |
| eAPM promedio | 12.5 |
| Aldeanos / militares | 129 / 311 |
Foco
⚔️ 25.1% · 🌾 74.9%
Genoese Crossbowman ×191 · Militia ×83 · Knight ×25 · Mangonel ×7 · Trebuchet (Packed) ×5
Feudal
3:01
Castillos
6:06
Imperial
9:41
| APM promedio | 30.7 |
| APM pico | 103 |
| eAPM promedio | 25.1 |
| Aldeanos / militares | 165 / 589 |
Foco
⚔️ 20.5% · 🌾 79.5%
Skirmisher ×229 · Battle Elephant ×164 · Archer ×88 · Trebuchet (Packed) ×61 · Rattan Archer ×47
Feudal
2:42
Castillos
6:47
Imperial
10:45
| APM promedio | 34.1 |
| APM pico | 275 |
| eAPM promedio | 28.8 |
| Aldeanos / militares | 34 / 1075 |
Foco
⚔️ 56.7% · 🌾 43.3%
Battle Elephant ×948 · Mangonel ×102 · Trebuchet (Packed) ×23 · Monk ×1 · Bombard Cannon ×1
Feudal
2:39
Castillos
6:34
Imperial
13:59
| APM promedio | 14.6 |
| APM pico | 48 |
| eAPM promedio | 9.3 |
| Aldeanos / militares | 73 / 178 |
Foco
⚔️ 46.1% · 🌾 53.9%
Hand Cannoneer ×85 · Knight ×56 · Organ Gun ×26 · Petard ×6 · Mangonel ×5
Feudal
2:38
Castillos
5:43
Imperial
10:42
| APM promedio | 13.1 |
| APM pico | 54 |
| eAPM promedio | 9.8 |
| Aldeanos / militares | 151 / 156 |
Foco
⚔️ 37.0% · 🌾 63.0%
Unknown (1968) ×254 · Scorpion ×80 · Mangonel ×76 · Unknown (1978) ×1
Feudal
5:06
Castillos
8:11
Imperial
14:28
| APM promedio | 26.2 |
| APM pico | 81 |
| eAPM promedio | 22.6 |
| Aldeanos / militares | 140 / 419 |
Foco
⚔️ 36.5% · 🌾 63.5%
Unknown (2550) ×911 · Petard ×282 · Spearman ×104 · Monk ×20 · Mangonel ×8 · Trebuchet (Packed) ×5
Mapa de la partida
Recursos iniciales + cada clic de construcción. Líneas = muros · curvas = relieve. ◆ oro · ⬟ piedra · ● bayas · ✦ reliquia · ◌ hueco del cierre
Tu base
Base de Skilsu
Base de Jokky
Base de Genghis Khan't
Base de Lord Headass III
Base de Rabinol
Base de OGsa
Base de Ccow6
Terreno inicial suavizado · ◌ = hueco del cierre detectado · pasá el cursor para detalles
Inputs por minuto
— Lady Silverwing :AoQC - - Skilsu
Build order — Lady Silverwing :AoQC
Primeras 150 de 171 acciones detectadas
| 0:32 | Crear | Villager (Male) ×4 |
| 0:33 | Investigar | Loom |
| 1:11 | Investigar | Feudal Age |
| 1:36 | Construir | House |
| 1:41 | Construir | House |
| 2:50 | Investigar | Feudal Age |
| 5:00 | Edad | Edad Feudal |
| 5:23 | Construir | Farm |
| 6:04 | Investigar | Castle Age |
| 8:07 | Crear | Villager (Male) |
| 8:44 | Edad | Edad de los Castillos |
| 10:43 | Investigar | Imperial Age |
| 11:05 | Construir | Palisade Wall |
| 11:15 | Construir | Palisade Wall |
| 11:42 | Construir | Palisade Wall |
| 12:04 | Crear | Villager (Male) |
| 12:05 | Crear | Villager (Male) |
| 13:53 | Edad | Edad Imperial |
| 14:58 | Construir | Palisade Wall |
| 15:44 | Construir | Palisade Wall |
| 15:53 | Construir | Palisade Wall |
| 15:59 | Construir | Palisade Wall |
| 16:02 | Construir | Palisade Wall |
| 16:36 | Investigar | Town Watch |
| 16:39 | Crear | Villager (Male) |
| 17:07 | Construir | Farm |
| 17:55 | Construir | Farm |
| 18:03 | Crear | Villager (Male) |
| 18:38 | Crear | Villager (Male) |
| 19:39 | Crear | Villager (Male) |
| 20:53 | Construir | Palisade Wall |
| 21:16 | Construir | Palisade Wall |
| 22:21 | Crear | Villager (Male) ×2 |
| 22:59 | Construir | Farm |
| 23:52 | Construir | Palisade Wall |
| 23:58 | Construir | Palisade Wall |
| 24:06 | Construir | Palisade Wall |
| 25:08 | Construir | Palisade Wall |
| 25:10 | Construir | Palisade Wall |
| 25:16 | Construir | Palisade Wall |
| 25:20 | Construir | Palisade Wall |
| 25:23 | Construir | Palisade Wall |
| 25:38 | Construir | Palisade Wall |
| 27:52 | Construir | Settlement |
| 28:58 | Construir | Farm |
| 28:59 | Construir | Farm |
| 30:21 | Construir | Feitoria |
| 31:03 | Construir | Siege Workshop |
| 31:37 | Investigar | Onager (upgrade) |
| 31:45 | Crear | Mangonel |
| 31:45 | Crear | Mangonel |
| 31:45 | Crear | Mangonel |
| 31:45 | Crear | Mangonel |
| 31:46 | Crear | Mangonel |
| 31:46 | Crear | Mangonel |
| 31:46 | Crear | Mangonel |
| 31:46 | Crear | Mangonel |
| 31:47 | Crear | Mangonel |
| 31:47 | Crear | Mangonel |
| 31:47 | Crear | Mangonel |
| 31:47 | Crear | Mangonel |
| 31:48 | Crear | Mangonel |
| 31:48 | Crear | Mangonel |
| 31:48 | Crear | Mangonel |
| 32:20 | Construir | Settlement |
| 32:40 | Investigar | Horse Collar |
| 32:41 | Investigar | Double-Bit Axe |
| 32:42 | Investigar | Heavy Plow |
| 32:43 | Investigar | Bow Saw |
| 32:44 | Investigar | Crop Rotation |
| 34:40 | Construir | Town Center |
| 35:46 | Construir | Palisade Wall |
| 35:49 | Construir | Palisade Wall |
| 35:52 | Construir | Palisade Wall |
| 35:57 | Construir | Palisade Wall |
| 36:01 | Construir | Palisade Wall |
| 36:04 | Construir | Palisade Wall |
| 36:56 | Construir | Palisade Wall |
| 38:46 | Construir | Palisade Wall |
| 38:48 | Construir | Palisade Wall |
| 38:50 | Construir | Palisade Wall |
| 38:53 | Construir | Palisade Wall |
| 41:31 | Construir | Farm |
| 41:33 | Construir | Farm |
| 41:35 | Construir | Farm |
| 41:38 | Construir | Farm |
| 41:39 | Construir | Farm |
| 42:53 | Construir | House |
| 42:54 | Construir | House |
| 43:16 | Construir | Farm |
| 43:20 | Construir | Farm |
| 43:28 | Construir | Farm |
| 44:05 | Construir | Farm |
| 44:08 | Construir | Farm |
| 44:10 | Construir | Farm |
| 44:29 | Construir | Farm |
| 45:06 | Construir | Farm |
| 45:12 | Construir | Farm |
| 45:14 | Construir | Farm |
| 45:17 | Construir | Farm |
| 45:22 | Construir | Farm |
| 45:25 | Construir | Farm |
| 45:28 | Construir | Farm |
| 46:43 | Construir | Farm |
| 46:50 | Construir | Farm |
| 46:56 | Construir | Farm |
| 46:58 | Construir | Farm |
| 47:00 | Construir | Farm |
| 47:08 | Construir | Farm |
| 47:15 | Construir | Farm |
| 47:18 | Construir | Farm |
| 47:20 | Construir | Farm |
| 47:21 | Construir | Farm |
| 47:27 | Construir | Farm |
| 47:29 | Construir | Farm |
| 49:24 | Construir | Farm |
| 49:35 | Construir | Palisade Wall |
| 49:39 | Construir | Palisade Wall |
| 49:51 | Construir | Farm |
| 49:53 | Construir | Farm |
| 50:09 | Construir | Market |
| 50:21 | Construir | Monastery |
| 52:09 | Construir | Farm |
| 52:11 | Construir | Farm |
| 52:15 | Construir | Farm |
| 52:17 | Construir | Farm |
| 53:19 | Construir | Farm |
| 53:23 | Construir | Farm |
| 53:27 | Construir | Farm |
| 55:12 | Construir | Farm |
| 55:14 | Construir | Farm |
| 55:17 | Construir | Farm |
| 56:11 | Construir | Palisade Wall |
| 56:13 | Construir | Palisade Wall |
| 57:13 | Construir | Farm |
| 57:23 | Construir | Farm |
| 58:27 | Construir | Farm |
| 58:53 | Construir | Palisade Wall |
| 58:54 | Construir | Palisade Wall |
| 58:55 | Construir | Palisade Wall |
| 58:56 | Construir | Palisade Wall |
| 58:58 | Construir | Palisade Wall |
| 58:59 | Construir | Palisade Wall |
| 59:33 | Investigar | Heavy Scorpion (upgrade) |
| 59:47 | Construir | Palisade Wall |
| 59:49 | Construir | Palisade Wall |
| 59:51 | Construir | Palisade Wall |
| 59:52 | Construir | Palisade Wall |
| 60:08 | Construir | Farm |
| 60:18 | Construir | Palisade Wall |
Build order — Skilsu
Primeras 150 de 561 acciones detectadas
| 0:01 | Crear | Villager (Male) |
| 0:01 | Crear | Villager (Male) |
| 0:02 | Crear | Villager (Male) |
| 0:02 | Crear | Villager (Male) |
| 0:04 | Construir | House |
| 0:16 | Investigar | Feudal Age |
| 0:23 | Investigar | Loom |
| 0:30 | Crear | Villager (Male) |
| 0:31 | Crear | Villager (Male) |
| 0:31 | Crear | Villager (Male) |
| 0:43 | Construir | Settlement |
| 0:50 | Construir | House |
| 0:54 | Investigar | Loom |
| 1:30 | Crear | Villager (Male) |
| 1:32 | Crear | Villager (Male) |
| 1:37 | Investigar | Feudal Age |
| 2:05 | Construir | Farm |
| 2:35 | Crear | Villager (Male) |
| 2:36 | Crear | Villager (Male) |
| 3:18 | Crear | Villager (Male) |
| 3:22 | Crear | Villager (Male) |
| 4:05 | Edad | Edad Feudal |
| 4:28 | Investigar | Castle Age |
| 4:30 | Crear | Villager (Male) |
| 5:40 | Investigar | Horse Collar |
| 7:10 | Edad | Edad de los Castillos |
| 7:14 | Construir | Farm |
| 7:33 | Crear | Villager (Male) |
| 7:36 | Investigar | Imperial Age |
| 10:36 | Investigar | Double-Bit Axe |
| 11:08 | Edad | Edad Imperial |
| 11:14 | Crear | Villager (Male) |
| 12:00 | Crear | Villager (Male) |
| 12:50 | Construir | Palisade Wall |
| 13:40 | Construir | Siege Workshop |
| 14:05 | Construir | Market |
| 14:07 | Crear | Mangonel |
| 14:18 | Crear | Mangonel |
| 14:38 | Investigar | Onager (upgrade) |
| 17:33 | Construir | Town Center |
| 18:21 | Construir | Castle |
| 19:09 | Construir | Farm |
| 19:24 | Construir | Farm |
| 19:27 | Construir | Farm |
| 19:46 | Crear | Mangonel |
| 20:06 | Construir | Farm |
| 20:27 | Construir | Farm |
| 20:57 | Construir | Farm |
| 21:00 | Crear | Villager (Male) |
| 21:00 | Crear | Villager (Male) |
| 21:01 | Crear | Villager (Male) |
| 21:01 | Crear | Villager (Male) |
| 21:02 | Crear | Villager (Male) |
| 21:02 | Crear | Villager (Male) |
| 21:02 | Crear | Villager (Male) |
| 21:03 | Crear | Villager (Male) |
| 21:03 | Crear | Villager (Male) |
| 21:03 | Crear | Villager (Male) |
| 21:03 | Crear | Villager (Male) |
| 21:20 | Construir | Farm |
| 21:34 | Construir | Farm |
| 21:43 | Crear | Villager (Male) |
| 21:43 | Crear | Villager (Male) |
| 22:27 | Construir | Farm |
| 22:56 | Crear | Villager (Male) |
| 22:56 | Crear | Villager (Male) |
| 23:02 | Construir | Farm |
| 23:18 | Construir | Farm |
| 23:36 | Construir | Farm |
| 23:47 | Construir | House |
| 23:48 | Construir | House |
| 24:16 | Construir | Farm |
| 24:19 | Construir | Farm |
| 24:29 | Crear | Villager (Male) |
| 24:30 | Crear | Villager (Male) |
| 24:35 | Investigar | Wheelbarrow |
| 24:49 | Construir | Farm |
| 25:21 | Construir | Farm |
| 25:22 | Construir | Farm |
| 25:50 | Construir | Farm |
| 26:04 | Construir | Farm |
| 26:24 | Construir | Farm |
| 26:42 | Construir | Farm |
| 27:00 | Crear | Villager (Male) |
| 27:00 | Crear | Villager (Male) |
| 27:12 | Crear | Villager (Male) |
| 27:13 | Crear | Villager (Male) |
| 27:25 | Construir | Farm |
| 27:36 | Crear | Villager (Male) |
| 27:36 | Crear | Villager (Male) |
| 27:47 | Construir | Farm |
| 28:03 | Crear | Villager (Male) |
| 28:03 | Crear | Villager (Male) |
| 28:35 | Investigar | Heavy Plow |
| 28:35 | Investigar | Bow Saw |
| 28:38 | Investigar | Crop Rotation |
| 28:38 | Investigar | Gold Mining |
| 28:39 | Investigar | Stone Mining |
| 28:39 | Investigar | Gold Shaft Mining |
| 28:45 | Construir | Blacksmith |
| 29:03 | Construir | Barracks |
| 29:15 | Crear | Villager (Male) |
| 29:16 | Crear | Villager (Male) |
| 29:16 | Crear | Villager (Male) |
| 29:16 | Crear | Villager (Male) |
| 29:17 | Crear | Villager (Male) |
| 29:26 | Construir | Farm |
| 29:39 | Construir | Archery Range |
| 30:39 | Construir | Feitoria |
| 30:52 | Crear | Villager (Male) |
| 30:53 | Crear | Villager (Male) |
| 31:04 | Investigar | Forging |
| 31:04 | Investigar | Scale Mail Armor |
| 31:04 | Investigar | Fletching |
| 31:04 | Investigar | Padded Archer Armor |
| 31:12 | Investigar | Conscription |
| 31:38 | Construir | Farm |
| 31:42 | Construir | Farm |
| 31:56 | Construir | Farm |
| 32:06 | Construir | Farm |
| 32:15 | Construir | Farm |
| 32:19 | Construir | Farm |
| 32:29 | Crear | Villager (Male) |
| 32:30 | Crear | Villager (Male) |
| 32:35 | Investigar | Hand Cart |
| 33:16 | Construir | Castle |
| 33:37 | Construir | Castle |
| 34:05 | Construir | Barracks |
| 34:21 | Construir | Farm |
| 34:29 | Construir | Castle |
| 34:43 | Construir | Farm |
| 34:53 | Construir | Farm |
| 34:55 | Crear | Villager (Male) |
| 34:55 | Crear | Villager (Male) |
| 34:55 | Crear | Villager (Male) |
| 34:57 | Construir | Farm |
| 35:03 | Investigar | Stone Shaft Mining |
| 35:10 | Investigar | Siege Onager (upgrade) |
| 35:15 | Investigar | Atlatl |
| 35:16 | Investigar | Garland Wars |
| 36:20 | Investigar | Elite Jaguar Warrior (upgrade) |
| 36:32 | Crear | Mangonel |
| 36:32 | Crear | Mangonel |
| 36:32 | Crear | Mangonel |
| 36:38 | Construir | Farm |
| 36:44 | Construir | Farm |
| 36:47 | Construir | Farm |
| 36:52 | Crear | Villager (Male) |
| 36:52 | Crear | Villager (Male) |
| 36:52 | Crear | Villager (Male) |
Build order — Jokky
Primeras 150 de 435 acciones detectadas
| 0:03 | Crear | Villager (Male) |
| 0:04 | Crear | Villager (Male) |
| 0:04 | Crear | Villager (Male) |
| 0:04 | Crear | Villager (Male) |
| 0:40 | Construir | House |
| 1:00 | Construir | Farm |
| 1:00 | Construir | Farm |
| 2:13 | Construir | Farm |
| 2:44 | Investigar | Feudal Age |
| 4:18 | Crear | Villager (Male) |
| 4:18 | Crear | Villager (Male) |
| 4:54 | Edad | Edad Feudal |
| 4:54 | Crear | Villager (Male) |
| 5:35 | Crear | Villager (Male) |
| 6:30 | Crear | Villager (Male) |
| 6:53 | Crear | Villager (Male) |
| 7:27 | Crear | Villager (Male) |
| 7:53 | Investigar | Castle Age |
| 8:51 | Crear | Villager (Male) |
| 10:15 | Crear | Villager (Male) |
| 10:15 | Crear | Villager (Male) |
| 10:33 | Edad | Edad de los Castillos |
| 10:39 | Crear | Villager (Male) |
| 12:04 | Crear | Villager (Male) |
| 13:11 | Construir | Palisade Wall |
| 13:49 | Construir | Palisade Wall |
| 14:20 | Construir | Palisade Wall |
| 14:31 | Crear | Villager (Male) |
| 14:31 | Crear | Villager (Male) |
| 14:32 | Crear | Villager (Male) |
| 14:33 | Crear | Villager (Male) |
| 15:07 | Crear | Villager (Male) |
| 15:28 | Crear | Villager (Male) |
| 15:50 | Construir | Palisade Wall |
| 16:05 | Construir | Palisade Wall |
| 16:30 | Construir | Palisade Wall |
| 16:42 | Construir | Settlement |
| 16:52 | Construir | Palisade Wall |
| 17:06 | Construir | Palisade Wall |
| 17:21 | Investigar | Double-Bit Axe |
| 17:39 | Construir | Palisade Wall |
| 17:45 | Construir | Palisade Wall |
| 18:06 | Construir | Palisade Wall |
| 18:19 | Construir | Palisade Wall |
| 18:28 | Crear | Villager (Male) |
| 18:29 | Crear | Villager (Male) |
| 18:29 | Crear | Villager (Male) |
| 18:51 | Construir | Palisade Wall |
| 19:22 | Crear | Villager (Male) |
| 19:41 | Construir | Palisade Wall |
| 20:22 | Investigar | Imperial Age |
| 20:32 | Construir | Palisade Wall |
| 20:37 | Construir | Palisade Wall |
| 20:42 | Construir | Palisade Wall |
| 21:21 | Construir | Farm |
| 21:59 | Construir | Palisade Wall |
| 22:29 | Construir | Palisade Wall |
| 22:41 | Construir | Palisade Wall |
| 23:30 | Construir | Palisade Wall |
| 23:32 | Edad | Edad Imperial |
| 23:53 | Construir | Palisade Wall |
| 23:58 | Construir | Palisade Wall |
| 24:10 | Crear | Villager (Male) |
| 24:10 | Crear | Villager (Male) |
| 24:48 | Construir | Palisade Wall |
| 25:05 | Construir | Palisade Wall |
| 25:12 | Construir | Palisade Wall |
| 25:24 | Crear | Villager (Male) |
| 25:24 | Crear | Villager (Male) |
| 25:25 | Crear | Villager (Male) |
| 25:26 | Crear | Villager (Male) |
| 25:45 | Investigar | Bow Saw |
| 26:06 | Construir | Palisade Wall |
| 26:15 | Construir | Palisade Wall |
| 26:24 | Construir | Palisade Wall |
| 26:34 | Construir | Market |
| 27:12 | Construir | Palisade Wall |
| 27:15 | Crear | Villager (Male) |
| 27:15 | Crear | Villager (Male) |
| 27:16 | Crear | Villager (Male) |
| 27:16 | Crear | Villager (Male) |
| 27:49 | Construir | Palisade Wall |
| 28:01 | Construir | Palisade Wall |
| 28:34 | Construir | Farm |
| 28:51 | Crear | Villager (Male) |
| 29:27 | Crear | Villager (Male) |
| 29:27 | Crear | Villager (Male) |
| 29:28 | Crear | Villager (Male) |
| 29:28 | Crear | Villager (Male) |
| 29:37 | Crear | Villager (Male) |
| 29:42 | Construir | Palisade Wall |
| 30:16 | Construir | Siege Workshop |
| 30:31 | Construir | Palisade Wall |
| 30:39 | Investigar | Onager (upgrade) |
| 30:41 | Crear | Mangonel |
| 30:41 | Crear | Mangonel |
| 30:48 | Crear | Villager (Male) |
| 30:48 | Crear | Villager (Male) |
| 30:54 | Crear | Mangonel |
| 31:08 | Crear | Villager (Male) |
| 31:50 | Construir | Palisade Wall |
| 33:13 | Construir | Farm |
| 33:17 | Construir | Farm |
| 33:38 | Crear | Villager (Male) |
| 33:38 | Crear | Villager (Male) |
| 33:38 | Crear | Villager (Male) |
| 33:38 | Crear | Villager (Male) |
| 34:11 | Crear | Villager (Male) |
| 34:12 | Crear | Villager (Male) |
| 34:12 | Crear | Villager (Male) |
| 34:22 | Construir | Settlement |
| 35:04 | Construir | Farm |
| 35:04 | Construir | Farm |
| 35:04 | Construir | Farm |
| 35:04 | Construir | Farm |
| 35:04 | Construir | Farm |
| 35:17 | Crear | Villager (Male) |
| 35:17 | Crear | Villager (Male) |
| 35:18 | Crear | Villager (Male) |
| 35:50 | Crear | Villager (Male) |
| 35:51 | Crear | Villager (Male) |
| 35:58 | Construir | Town Center |
| 36:40 | Construir | Farm |
| 36:41 | Construir | Farm |
| 36:41 | Construir | Farm |
| 36:41 | Construir | Farm |
| 37:10 | Crear | Villager (Male) |
| 37:10 | Crear | Villager (Male) |
| 37:11 | Crear | Villager (Male) |
| 37:57 | Construir | Market |
| 37:59 | Crear | Villager (Male) |
| 38:00 | Crear | Villager (Male) |
| 38:00 | Crear | Villager (Male) |
| 38:00 | Crear | Villager (Male) |
| 38:07 | Crear | Villager (Male) |
| 38:07 | Crear | Villager (Male) |
| 38:41 | Construir | House |
| 39:01 | Construir | Settlement |
| 39:18 | Construir | Town Center |
| 39:53 | Construir | Palisade Wall |
| 39:54 | Construir | Palisade Wall |
| 39:54 | Construir | Palisade Wall |
| 39:54 | Construir | Palisade Wall |
| 40:09 | Crear | Villager (Male) |
| 40:09 | Crear | Villager (Male) |
| 40:09 | Crear | Villager (Male) |
| 40:10 | Crear | Villager (Male) |
| 40:11 | Crear | Villager (Male) |
| 40:11 | Crear | Villager (Male) |
| 40:12 | Crear | Villager (Male) |
Build order — Genghis Khan't
Primeras 150 de 485 acciones detectadas
| 0:01 | Crear | Villager (Male) |
| 0:01 | Crear | Villager (Male) |
| 0:04 | Construir | House |
| 0:12 | Construir | House |
| 0:22 | Construir | Settlement |
| 0:33 | Investigar | Feudal Age |
| 0:55 | Crear | Villager (Male) |
| 0:55 | Crear | Villager (Male) |
| 3:01 | Edad | Edad Feudal |
| 3:10 | Investigar | Castle Age |
| 4:35 | Crear | Villager (Male) |
| 6:06 | Edad | Edad de los Castillos |
| 6:10 | Investigar | Imperial Age |
| 6:32 | Construir | Farm |
| 7:53 | Construir | Farm |
| 8:25 | Construir | Farm |
| 9:23 | Construir | House |
| 9:41 | Edad | Edad Imperial |
| 9:58 | Construir | Farm |
| 10:08 | Crear | Villager (Male) |
| 10:09 | Crear | Villager (Male) |
| 10:36 | Crear | Villager (Male) |
| 10:51 | Crear | Villager (Male) |
| 11:26 | Construir | Castle |
| 12:04 | Construir | Settlement |
| 12:41 | Crear | Trebuchet (Packed) |
| 13:15 | Crear | Trebuchet (Packed) |
| 13:44 | Crear | Trebuchet (Packed) |
| 14:27 | Investigar | Conscription |
| 15:08 | Investigar | Double-Bit Axe |
| 15:13 | Investigar | Bow Saw |
| 15:16 | Investigar | Two-Man Saw |
| 15:46 | Crear | Trebuchet (Packed) |
| 17:48 | Construir | Town Center |
| 18:01 | Crear | Trebuchet (Packed) |
| 19:10 | Crear | Rattan Archer |
| 19:43 | Construir | Farm |
| 20:26 | Crear | Villager (Male) |
| 20:27 | Crear | Villager (Male) |
| 22:03 | Crear | Villager (Male) |
| 22:07 | Construir | Farm |
| 23:21 | Crear | Villager (Male) |
| 25:22 | Crear | Villager (Male) |
| 25:22 | Crear | Villager (Male) |
| 25:22 | Crear | Villager (Male) |
| 25:56 | Crear | Villager (Male) |
| 26:54 | Construir | Watch Tower |
| 26:57 | Construir | Watch Tower |
| 26:58 | Construir | Watch Tower |
| 26:59 | Construir | Watch Tower |
| 26:59 | Construir | Watch Tower |
| 27:02 | Construir | Watch Tower |
| 27:03 | Construir | Watch Tower |
| 27:05 | Construir | Watch Tower |
| 27:38 | Crear | Villager (Male) |
| 27:39 | Crear | Villager (Male) |
| 27:39 | Crear | Villager (Male) |
| 28:26 | Crear | Villager (Male) |
| 28:53 | Construir | Palisade Gate |
| 29:09 | Crear | Villager (Male) |
| 29:31 | Crear | Villager (Male) |
| 31:32 | Crear | Villager (Male) |
| 31:32 | Crear | Villager (Male) |
| 32:25 | Crear | Villager (Male) |
| 32:43 | Crear | Trebuchet (Packed) |
| 32:43 | Crear | Trebuchet (Packed) |
| 32:43 | Crear | Trebuchet (Packed) |
| 32:43 | Crear | Trebuchet (Packed) |
| 32:44 | Crear | Trebuchet (Packed) |
| 32:44 | Crear | Trebuchet (Packed) |
| 34:39 | Crear | Trebuchet (Packed) |
| 34:39 | Crear | Trebuchet (Packed) |
| 34:39 | Crear | Trebuchet (Packed) |
| 34:40 | Crear | Trebuchet (Packed) |
| 36:25 | Construir | Farm |
| 36:32 | Construir | Farm |
| 37:03 | Construir | Farm |
| 37:27 | Crear | Villager (Male) |
| 37:27 | Crear | Villager (Male) |
| 38:39 | Construir | Farm |
| 39:03 | Construir | Farm |
| 39:21 | Construir | Farm |
| 39:50 | Crear | Villager (Male) |
| 39:50 | Crear | Villager (Male) |
| 39:52 | Construir | Farm |
| 39:54 | Crear | Villager (Male) |
| 39:54 | Crear | Villager (Male) |
| 39:54 | Crear | Villager (Male) |
| 40:06 | Crear | Villager (Male) |
| 40:06 | Crear | Villager (Male) |
| 40:12 | Construir | Farm |
| 40:49 | Construir | Farm |
| 41:42 | Crear | Villager (Male) |
| 41:43 | Crear | Villager (Male) |
| 41:43 | Crear | Villager (Male) |
| 42:07 | Construir | Palisade Gate |
| 42:11 | Construir | Farm |
| 42:31 | Crear | Villager (Male) |
| 42:31 | Crear | Villager (Male) |
| 42:36 | Construir | Farm |
| 43:01 | Crear | Villager (Male) |
| 43:01 | Crear | Villager (Male) |
| 43:01 | Crear | Villager (Male) |
| 43:02 | Crear | Villager (Male) |
| 43:35 | Construir | Farm |
| 43:58 | Construir | Farm |
| 44:25 | Investigar | Chatras |
| 44:35 | Construir | Farm |
| 44:43 | Crear | Trebuchet (Packed) |
| 44:43 | Crear | Trebuchet (Packed) |
| 44:43 | Crear | Trebuchet (Packed) |
| 44:44 | Crear | Trebuchet (Packed) |
| 44:44 | Crear | Trebuchet (Packed) |
| 46:21 | Construir | Settlement |
| 46:53 | Investigar | Paper Money |
| 46:57 | Construir | Farm |
| 47:19 | Construir | Farm |
| 47:23 | Construir | Farm |
| 47:35 | Crear | Villager (Male) |
| 47:36 | Crear | Villager (Male) |
| 47:36 | Crear | Villager (Male) |
| 47:36 | Crear | Villager (Male) |
| 48:00 | Construir | Farm |
| 48:08 | Construir | Farm |
| 48:44 | Investigar | Horse Collar |
| 49:29 | Construir | Farm |
| 49:59 | Construir | Farm |
| 50:16 | Construir | Farm |
| 50:24 | Crear | Villager (Male) |
| 50:25 | Crear | Villager (Male) |
| 50:25 | Crear | Villager (Male) |
| 50:25 | Crear | Villager (Male) |
| 50:25 | Crear | Villager (Male) |
| 50:41 | Construir | Town Center |
| 50:44 | Construir | Farm |
| 50:51 | Construir | Farm |
| 50:53 | Construir | Farm |
| 51:28 | Construir | Farm |
| 51:36 | Construir | Town Center |
| 51:43 | Construir | Town Center |
| 51:55 | Crear | Villager (Male) |
| 51:55 | Crear | Villager (Male) |
| 52:02 | Crear | Villager (Male) |
| 52:02 | Crear | Villager (Male) |
| 52:02 | Crear | Villager (Male) |
| 52:04 | Crear | Villager (Male) |
| 52:04 | Crear | Villager (Male) |
| 52:05 | Crear | Villager (Male) |
| 52:05 | Crear | Villager (Male) |
| 52:05 | Crear | Villager (Male) |
Build order — Lord Headass III
Primeras 150 de 970 acciones detectadas
| 0:01 | Crear | Villager (Male) |
| 0:01 | Crear | Villager (Male) |
| 0:12 | Construir | House |
| 0:14 | Construir | House |
| 0:14 | Crear | Villager (Male) |
| 0:14 | Crear | Villager (Male) |
| 0:15 | Crear | Villager (Male) |
| 0:33 | Investigar | Feudal Age |
| 0:36 | Crear | Villager (Male) |
| 0:36 | Crear | Villager (Male) |
| 0:36 | Crear | Villager (Male) |
| 0:36 | Crear | Villager (Male) |
| 1:00 | Construir | Settlement |
| 1:54 | Construir | Farm |
| 2:42 | Edad | Edad Feudal |
| 3:48 | Construir | Farm |
| 3:59 | Investigar | Loom |
| 4:01 | Investigar | Loom |
| 4:03 | Investigar | Castle Age |
| 5:28 | Investigar | Double-Bit Axe |
| 6:25 | Crear | Villager (Male) |
| 6:26 | Crear | Villager (Male) |
| 6:47 | Edad | Edad de los Castillos |
| 7:32 | Crear | Villager (Male) |
| 7:35 | Investigar | Imperial Age |
| 7:44 | Construir | Market |
| 10:09 | Construir | Town Center |
| 10:45 | Edad | Edad Imperial |
| 10:46 | Crear | Villager (Male) |
| 11:16 | Construir | House |
| 11:47 | Crear | Villager (Male) |
| 11:48 | Crear | Villager (Male) |
| 12:56 | Crear | Villager (Male) |
| 14:00 | Crear | Villager (Male) |
| 14:00 | Crear | Villager (Male) |
| 14:15 | Construir | Farm |
| 14:22 | Construir | Farm |
| 15:08 | Construir | Market |
| 15:53 | Crear | Villager (Male) |
| 15:53 | Crear | Villager (Male) |
| 15:54 | Crear | Villager (Male) |
| 15:54 | Crear | Villager (Male) |
| 23:35 | Construir | Siege Workshop |
| 24:22 | Investigar | Onager (upgrade) |
| 24:25 | Crear | Mangonel |
| 24:32 | Construir | Farm |
| 24:39 | Crear | Villager (Male) |
| 24:39 | Crear | Villager (Male) |
| 24:39 | Crear | Villager (Male) |
| 24:39 | Crear | Villager (Male) |
| 24:40 | Crear | Villager (Male) |
| 24:40 | Crear | Villager (Male) |
| 24:40 | Crear | Villager (Male) |
| 24:40 | Crear | Villager (Male) |
| 24:40 | Crear | Villager (Male) |
| 24:41 | Crear | Villager (Male) |
| 24:41 | Crear | Villager (Male) |
| 24:41 | Crear | Villager (Male) |
| 24:58 | Crear | Mangonel |
| 25:34 | Crear | Mangonel |
| 27:15 | Construir | Market |
| 28:18 | Construir | House |
| 28:19 | Construir | House |
| 28:20 | Construir | House |
| 29:09 | Construir | Palisade Wall |
| 29:10 | Construir | Palisade Wall |
| 29:11 | Construir | Palisade Wall |
| 29:12 | Construir | Palisade Wall |
| 29:12 | Construir | Palisade Wall |
| 29:13 | Construir | Palisade Wall |
| 29:13 | Construir | Palisade Wall |
| 29:14 | Construir | Palisade Wall |
| 29:14 | Construir | Palisade Wall |
| 29:15 | Construir | Palisade Wall |
| 29:15 | Construir | Palisade Wall |
| 29:16 | Construir | Palisade Wall |
| 29:17 | Construir | Palisade Wall |
| 29:17 | Construir | Palisade Wall |
| 29:18 | Construir | Palisade Wall |
| 29:18 | Construir | Palisade Wall |
| 29:19 | Construir | Palisade Wall |
| 29:19 | Construir | Palisade Wall |
| 29:20 | Construir | Palisade Wall |
| 29:20 | Construir | Palisade Wall |
| 29:21 | Construir | Palisade Wall |
| 29:22 | Construir | Palisade Wall |
| 29:22 | Construir | Palisade Wall |
| 29:22 | Construir | Palisade Wall |
| 29:23 | Construir | Palisade Wall |
| 29:23 | Construir | Palisade Wall |
| 29:24 | Construir | Palisade Wall |
| 29:24 | Construir | Palisade Wall |
| 29:24 | Construir | Palisade Wall |
| 29:25 | Construir | Palisade Wall |
| 29:25 | Construir | Palisade Wall |
| 29:26 | Construir | Palisade Wall |
| 29:26 | Construir | Palisade Wall |
| 29:27 | Construir | Palisade Wall |
| 29:50 | Construir | Castle |
| 30:53 | Construir | Castle |
| 30:54 | Construir | Castle |
| 32:01 | Construir | Feitoria |
| 34:24 | Construir | Castle |
| 35:07 | Construir | Castle |
| 35:08 | Construir | Castle |
| 35:29 | Construir | Castle |
| 35:30 | Construir | Castle |
| 35:40 | Construir | Settlement |
| 35:49 | Investigar | Wheelbarrow |
| 35:49 | Investigar | Town Watch |
| 35:50 | Investigar | Hand Cart |
| 36:00 | Investigar | Town Patrol |
| 36:02 | Investigar | Horse Collar |
| 36:02 | Investigar | Bow Saw |
| 36:02 | Investigar | Gold Mining |
| 36:03 | Investigar | Stone Mining |
| 36:04 | Investigar | Heavy Plow |
| 36:04 | Investigar | Two-Man Saw |
| 36:04 | Investigar | Gold Shaft Mining |
| 36:04 | Investigar | Crop Rotation |
| 36:30 | Construir | Castle |
| 36:42 | Construir | Castle |
| 37:05 | Construir | Castle |
| 37:34 | Construir | Castle |
| 37:35 | Construir | Castle |
| 38:01 | Construir | Castle |
| 38:14 | Construir | Castle |
| 38:30 | Construir | Castle |
| 38:55 | Construir | Castle |
| 38:56 | Construir | Castle |
| 38:57 | Construir | Castle |
| 39:11 | Construir | Castle |
| 39:35 | Construir | Castle |
| 39:45 | Construir | Castle |
| 39:56 | Construir | Castle |
| 40:26 | Construir | Castle |
| 40:28 | Construir | Castle |
| 40:29 | Construir | Castle |
| 40:30 | Construir | Castle |
| 40:31 | Construir | Castle |
| 40:48 | Construir | Castle |
| 41:27 | Construir | Castle |
| 41:28 | Construir | Castle |
| 41:40 | Construir | Castle |
| 41:47 | Investigar | Manipur Cavalry |
| 41:47 | Investigar | Howdah |
| 42:02 | Construir | Stable |
| 42:03 | Construir | Stable |
| 42:04 | Construir | Stable |
| 42:06 | Construir | Stable |
Build order — Rabinol
Primeras 150 de 290 acciones detectadas
| 0:04 | Crear | Villager (Male) |
| 0:04 | Crear | Villager (Male) |
| 0:04 | Crear | Villager (Male) |
| 0:10 | Construir | Settlement |
| 0:13 | Investigar | Feudal Age |
| 0:28 | Crear | Villager (Male) |
| 0:28 | Crear | Villager (Male) |
| 0:35 | Construir | House |
| 1:57 | Crear | Villager (Male) |
| 2:39 | Edad | Edad Feudal |
| 2:47 | Construir | Farm |
| 2:58 | Construir | Farm |
| 3:13 | Investigar | Castle Age |
| 3:52 | Investigar | Loom |
| 4:07 | Construir | Farm |
| 5:12 | Investigar | Double-Bit Axe |
| 5:12 | Investigar | Double-Bit Axe |
| 6:34 | Edad | Edad de los Castillos |
| 6:50 | Crear | Villager (Male) |
| 7:12 | Crear | Villager (Male) |
| 7:13 | Crear | Villager (Male) |
| 7:44 | Crear | Villager (Male) |
| 7:44 | Crear | Villager (Male) |
| 8:12 | Crear | Villager (Male) |
| 8:12 | Crear | Villager (Male) |
| 8:49 | Crear | Villager (Male) |
| 8:49 | Crear | Villager (Male) |
| 8:49 | Crear | Villager (Male) |
| 9:53 | Crear | Villager (Male) |
| 9:54 | Crear | Villager (Male) |
| 10:21 | Crear | Villager (Male) |
| 10:22 | Crear | Villager (Male) |
| 10:49 | Investigar | Imperial Age |
| 11:10 | Construir | Farm |
| 12:00 | Construir | Farm |
| 12:54 | Construir | Palisade Wall |
| 12:57 | Construir | Palisade Wall |
| 13:07 | Construir | Palisade Wall |
| 13:41 | Construir | Palisade Wall |
| 13:45 | Construir | Palisade Wall |
| 13:59 | Edad | Edad Imperial |
| 14:03 | Investigar | Wheelbarrow |
| 14:07 | Crear | Villager (Male) |
| 14:07 | Crear | Villager (Male) |
| 14:14 | Construir | Settlement |
| 14:38 | Construir | Farm |
| 14:57 | Crear | Villager (Male) |
| 15:24 | Crear | Villager (Male) |
| 15:40 | Construir | House |
| 16:02 | Investigar | Horse Collar |
| 16:30 | Construir | Palisade Wall |
| 16:38 | Crear | Villager (Male) |
| 17:02 | Construir | Town Center |
| 18:59 | Investigar | Bow Saw |
| 19:10 | Construir | Market |
| 19:19 | Crear | Villager (Male) |
| 19:43 | Crear | Villager (Male) |
| 19:43 | Crear | Villager (Male) |
| 19:44 | Crear | Villager (Male) |
| 19:46 | Crear | Villager (Male) ×5 |
| 19:47 | Crear | Villager (Male) ×4 |
| 19:47 | Crear | Villager (Male) ×4 |
| 20:01 | Construir | Settlement |
| 20:28 | Construir | Farm |
| 21:08 | Construir | Farm |
| 21:17 | Construir | Farm |
| 21:20 | Construir | Palisade Wall |
| 21:23 | Construir | Palisade Wall |
| 21:29 | Construir | Palisade Wall |
| 21:57 | Construir | Farm |
| 22:15 | Construir | Farm |
| 22:55 | Construir | Siege Workshop |
| 23:33 | Construir | Market |
| 24:15 | Construir | Feitoria |
| 24:50 | Crear | Villager (Male) |
| 25:39 | Investigar | Hand Cart |
| 25:39 | Investigar | Town Watch |
| 25:54 | Construir | House |
| 26:42 | Investigar | Town Patrol |
| 27:33 | Construir | Siege Workshop |
| 27:57 | Investigar | Onager (upgrade) |
| 28:16 | Crear | Mangonel |
| 28:16 | Crear | Mangonel |
| 28:16 | Crear | Mangonel |
| 28:16 | Crear | Mangonel |
| 28:16 | Crear | Mangonel |
| 30:06 | Construir | House |
| 30:10 | Construir | House |
| 30:56 | Construir | Castle |
| 31:28 | Construir | Palisade Wall |
| 31:40 | Crear | Villager (Male) |
| 31:40 | Crear | Villager (Male) |
| 31:40 | Crear | Villager (Male) |
| 31:40 | Crear | Villager (Male) |
| 31:41 | Crear | Villager (Male) |
| 31:41 | Crear | Villager (Male) |
| 31:41 | Crear | Villager (Male) |
| 31:41 | Crear | Villager (Male) |
| 31:42 | Crear | Villager (Male) |
| 31:42 | Crear | Villager (Male) |
| 32:02 | Investigar | Tech 1404 |
| 32:03 | Investigar | Arquebus |
| 32:06 | Investigar | Conscription |
| 33:48 | Construir | Town Center |
| 35:26 | Construir | Palisade Wall |
| 35:31 | Construir | Palisade Wall |
| 35:36 | Construir | Palisade Wall |
| 35:40 | Construir | Palisade Wall |
| 35:53 | Construir | Palisade Wall |
| 35:54 | Construir | Palisade Wall |
| 35:55 | Construir | Palisade Wall |
| 35:55 | Construir | Palisade Wall |
| 35:56 | Construir | Palisade Wall |
| 35:56 | Construir | Palisade Wall |
| 35:57 | Construir | Palisade Wall |
| 35:57 | Construir | Palisade Wall |
| 35:58 | Construir | Palisade Wall |
| 35:59 | Construir | Palisade Wall |
| 36:01 | Construir | Palisade Wall |
| 36:01 | Construir | Palisade Wall |
| 36:05 | Construir | Palisade Wall |
| 36:49 | Construir | Palisade Wall |
| 36:51 | Construir | Palisade Wall |
| 36:55 | Construir | Palisade Wall |
| 36:56 | Construir | Palisade Wall |
| 37:26 | Construir | Palisade Wall |
| 37:28 | Construir | Palisade Wall |
| 37:30 | Construir | Palisade Wall |
| 37:33 | Construir | Palisade Wall |
| 37:51 | Construir | Palisade Wall |
| 37:52 | Construir | Palisade Wall |
| 38:24 | Construir | Palisade Wall |
| 39:03 | Construir | Palisade Wall |
| 39:08 | Construir | Palisade Wall |
| 39:10 | Construir | Palisade Wall |
| 39:14 | Construir | Palisade Wall |
| 39:14 | Construir | Palisade Wall |
| 39:48 | Crear | Villager (Male) ×5 |
| 39:48 | Crear | Villager (Male) ×5 |
| 39:58 | Crear | Villager (Male) ×5 |
| 39:58 | Crear | Villager (Male) ×5 |
| 40:31 | Construir | Palisade Wall |
| 40:37 | Construir | Palisade Wall |
| 40:39 | Construir | Palisade Wall |
| 40:41 | Construir | Palisade Wall |
| 42:12 | Construir | Farm |
| 42:37 | Construir | Farm |
| 42:39 | Construir | Farm |
| 42:49 | Construir | Farm |
| 42:49 | Construir | Farm |
Build order — OGsa
Primeras 150 de 382 acciones detectadas
| 0:02 | Crear | Villager (Male) ×4 |
| 0:03 | Crear | Villager (Male) ×4 |
| 0:08 | Investigar | Feudal Age |
| 0:19 | Construir | House |
| 0:24 | Construir | House |
| 0:30 | Construir | House |
| 0:32 | Crear | Villager (Male) ×3 |
| 0:32 | Crear | Villager (Male) ×3 |
| 2:38 | Edad | Edad Feudal |
| 2:45 | Investigar | Castle Age |
| 5:43 | Edad | Edad de los Castillos |
| 5:47 | Investigar | Imperial Age |
| 6:02 | Construir | Siege Workshop |
| 6:07 | Construir | Town Center |
| 7:32 | Investigar | Imperial Age |
| 8:07 | Crear | Mangonel |
| 10:42 | Edad | Edad Imperial |
| 10:48 | Crear | Villager (Male) ×5 |
| 10:49 | Crear | Villager (Male) ×5 |
| 10:49 | Crear | Villager (Male) ×5 |
| 10:49 | Crear | Villager (Male) ×3 |
| 11:16 | Construir | Farm |
| 11:19 | Construir | Farm |
| 11:22 | Construir | Farm |
| 12:06 | Construir | Settlement |
| 12:54 | Crear | Villager (Male) |
| 12:54 | Crear | Villager (Male) |
| 13:46 | Crear | Villager (Male) |
| 14:10 | Investigar | Double-Bit Axe |
| 14:11 | Investigar | Bow Saw |
| 14:25 | Crear | Villager (Male) |
| 15:09 | Investigar | Horse Collar |
| 15:50 | Crear | Villager (Male) |
| 16:31 | Crear | Villager (Male) |
| 17:10 | Crear | Villager (Male) |
| 17:52 | Crear | Villager (Male) |
| 18:42 | Crear | Villager (Male) |
| 18:49 | Construir | Barracks |
| 19:15 | Investigar | Loom |
| 19:46 | Investigar | Squires |
| 20:04 | Construir | Siege Workshop |
| 21:11 | Investigar | Onager (upgrade) |
| 21:23 | Construir | Castle |
| 21:33 | Investigar | Heavy Plow |
| 21:34 | Investigar | Two-Man Saw |
| 21:35 | Investigar | Gold Mining |
| 21:36 | Investigar | Stone Mining |
| 21:37 | Investigar | Gold Shaft Mining |
| 21:37 | Investigar | Stone Shaft Mining |
| 22:52 | Construir | Siege Workshop |
| 23:31 | Investigar | Onager (upgrade) |
| 23:49 | Investigar | Conscription |
| 24:28 | Crear | Unit 1968 ×5 |
| 24:28 | Crear | Unit 1968 ×5 |
| 24:28 | Crear | Unit 1968 ×5 |
| 24:28 | Crear | Unit 1968 ×5 |
| 24:28 | Crear | Unit 1968 ×5 |
| 24:28 | Crear | Unit 1968 ×5 |
| 25:30 | Construir | Market |
| 25:40 | Investigar | Wheelbarrow |
| 25:41 | Investigar | Hand Cart |
| 25:50 | Crear | Villager (Male) |
| 25:50 | Crear | Villager (Male) |
| 26:46 | Construir | Barracks |
| 28:20 | Construir | Siege Workshop |
| 28:52 | Crear | Mangonel |
| 28:53 | Crear | Mangonel |
| 28:53 | Crear | Mangonel |
| 28:53 | Crear | Mangonel |
| 28:54 | Crear | Mangonel |
| 28:54 | Crear | Mangonel |
| 28:54 | Crear | Mangonel |
| 28:54 | Crear | Mangonel |
| 28:55 | Crear | Mangonel |
| 28:55 | Crear | Mangonel |
| 28:55 | Crear | Mangonel |
| 28:56 | Crear | Mangonel |
| 28:56 | Crear | Mangonel |
| 28:56 | Crear | Mangonel |
| 28:56 | Crear | Mangonel |
| 28:57 | Crear | Mangonel |
| 29:42 | Construir | Farm |
| 30:17 | Construir | Farm |
| 30:19 | Construir | Farm |
| 30:23 | Construir | Farm |
| 30:43 | Construir | Farm |
| 31:03 | Construir | Farm |
| 31:06 | Construir | Farm |
| 31:08 | Construir | Farm |
| 31:10 | Construir | Farm |
| 31:12 | Construir | Farm |
| 31:20 | Crear | Villager (Male) ×5 |
| 31:20 | Crear | Villager (Male) ×5 |
| 31:20 | Crear | Villager (Male) ×5 |
| 31:21 | Crear | Villager (Male) ×5 |
| 31:44 | Crear | Mangonel ×5 |
| 31:44 | Crear | Mangonel ×5 |
| 31:45 | Crear | Mangonel ×5 |
| 31:45 | Crear | Mangonel ×5 |
| 32:20 | Construir | Farm |
| 32:24 | Construir | Farm |
| 32:25 | Construir | Farm |
| 32:25 | Construir | Farm |
| 32:25 | Construir | Farm |
| 32:26 | Construir | Farm |
| 33:22 | Construir | Settlement |
| 33:23 | Construir | Farm |
| 33:23 | Construir | Farm |
| 33:24 | Construir | Farm |
| 33:24 | Construir | Farm |
| 33:24 | Construir | Farm |
| 33:25 | Construir | Farm |
| 33:25 | Construir | Farm |
| 33:25 | Construir | Farm |
| 33:25 | Construir | Farm |
| 33:26 | Construir | Farm |
| 33:26 | Construir | Farm |
| 33:34 | Crear | Villager (Male) ×5 |
| 34:13 | Construir | Farm |
| 35:10 | Construir | Settlement |
| 35:14 | Construir | Farm |
| 35:14 | Construir | Farm |
| 35:14 | Construir | Farm |
| 35:15 | Construir | Farm |
| 35:15 | Construir | Farm |
| 35:15 | Construir | Farm |
| 35:16 | Construir | Farm |
| 35:16 | Construir | Farm |
| 36:42 | Crear | Unit 1968 ×5 |
| 36:43 | Crear | Unit 1968 ×5 |
| 36:43 | Crear | Unit 1968 ×5 |
| 36:43 | Crear | Unit 1968 ×5 |
| 37:07 | Construir | House |
| 37:08 | Construir | House |
| 37:15 | Crear | Villager (Male) ×5 |
| 37:15 | Crear | Villager (Male) ×5 |
| 37:16 | Crear | Villager (Male) ×3 |
| 39:57 | Construir | Farm |
| 40:00 | Construir | Farm |
| 40:30 | Construir | Market |
| 41:45 | Construir | Feitoria |
| 42:44 | Construir | Castle |
| 42:48 | Construir | Siege Workshop |
| 44:03 | Construir | Farm |
| 44:03 | Construir | Farm |
| 44:03 | Construir | Farm |
| 44:03 | Construir | Farm |
| 44:04 | Construir | Farm |
| 45:02 | Construir | Farm |
| 45:03 | Construir | Farm |
Build order — Ccow6
Primeras 150 de 722 acciones detectadas
| 0:05 | Crear | Villager (Male) |
| 0:05 | Crear | Villager (Male) |
| 0:06 | Crear | Villager (Male) |
| 0:06 | Crear | Villager (Male) |
| 0:17 | Construir | House |
| 0:46 | Construir | Farm |
| 0:54 | Construir | Farm |
| 2:15 | Crear | Villager (Male) |
| 2:15 | Crear | Villager (Male) |
| 2:56 | Investigar | Feudal Age |
| 3:43 | Crear | Villager (Male) |
| 4:25 | Crear | Villager (Male) |
| 4:50 | Construir | Farm |
| 5:06 | Edad | Edad Feudal |
| 5:12 | Investigar | Castle Age |
| 5:16 | Crear | Villager (Male) |
| 5:16 | Crear | Villager (Male) |
| 6:01 | Crear | Villager (Male) |
| 6:01 | Crear | Villager (Male) |
| 7:03 | Crear | Villager (Male) |
| 7:31 | Crear | Villager (Male) |
| 7:31 | Crear | Villager (Male) |
| 8:10 | Crear | Villager (Male) |
| 8:10 | Crear | Villager (Male) |
| 8:11 | Edad | Edad de los Castillos |
| 8:15 | Construir | House |
| 9:47 | Crear | Villager (Male) |
| 10:46 | Construir | Siege Workshop |
| 11:01 | Crear | Villager (Male) |
| 11:01 | Crear | Villager (Male) |
| 11:07 | Investigar | Imperial Age |
| 11:37 | Crear | Villager (Male) |
| 11:37 | Crear | Villager (Male) |
| 12:40 | Construir | Farm |
| 13:06 | Construir | Palisade Wall |
| 13:23 | Construir | Palisade Wall |
| 13:34 | Crear | Villager (Male) |
| 13:34 | Crear | Villager (Male) |
| 14:11 | Investigar | Wheelbarrow |
| 14:11 | Investigar | Loom |
| 14:28 | Edad | Edad Imperial |
| 15:20 | Crear | Villager (Male) |
| 15:55 | Crear | Villager (Male) |
| 15:55 | Crear | Villager (Male) |
| 15:56 | Crear | Villager (Male) |
| 16:28 | Construir | Farm |
| 18:29 | Investigar | Onager (upgrade) |
| 18:29 | Investigar | Onager (upgrade) |
| 18:45 | Construir | Palisade Wall |
| 19:28 | Crear | Mangonel |
| 19:29 | Crear | Mangonel |
| 19:29 | Crear | Mangonel |
| 19:32 | Crear | Villager (Male) |
| 19:32 | Crear | Villager (Male) |
| 20:43 | Crear | Villager (Male) |
| 20:43 | Crear | Villager (Male) |
| 20:44 | Crear | Villager (Male) |
| 20:48 | Construir | Town Center |
| 21:49 | Crear | Villager (Male) |
| 21:50 | Crear | Villager (Male) |
| 21:59 | Construir | Farm |
| 21:59 | Construir | Farm |
| 21:59 | Construir | Farm |
| 21:59 | Construir | Farm |
| 22:00 | Construir | Farm |
| 22:00 | Construir | Farm |
| 22:12 | Construir | Farm |
| 22:12 | Construir | Farm |
| 22:12 | Construir | Farm |
| 22:21 | Crear | Villager (Male) |
| 22:21 | Crear | Villager (Male) |
| 23:21 | Crear | Villager (Male) |
| 23:21 | Crear | Villager (Male) |
| 23:21 | Crear | Villager (Male) |
| 23:27 | Construir | Farm |
| 23:27 | Construir | Farm |
| 23:27 | Construir | Farm |
| 23:28 | Construir | Farm |
| 23:28 | Construir | Farm |
| 23:28 | Construir | Farm |
| 23:28 | Construir | Farm |
| 23:35 | Crear | Villager (Male) |
| 23:35 | Crear | Villager (Male) |
| 23:59 | Crear | Villager (Male) |
| 23:59 | Crear | Villager (Male) |
| 24:08 | Crear | Villager (Male) |
| 24:08 | Crear | Villager (Male) |
| 24:09 | Investigar | Loom |
| 24:17 | Construir | Farm |
| 24:18 | Construir | Farm |
| 24:18 | Construir | Farm |
| 24:18 | Construir | Farm |
| 24:18 | Construir | Farm |
| 24:19 | Construir | Farm |
| 24:19 | Construir | Farm |
| 25:04 | Construir | Settlement |
| 25:08 | Crear | Villager (Male) |
| 25:08 | Crear | Villager (Male) |
| 25:09 | Crear | Villager (Male) |
| 25:09 | Crear | Villager (Male) |
| 25:09 | Crear | Villager (Male) |
| 25:09 | Crear | Villager (Male) |
| 25:42 | Crear | Villager (Male) |
| 25:42 | Crear | Villager (Male) |
| 25:42 | Crear | Villager (Male) |
| 25:44 | Crear | Villager (Male) |
| 26:11 | Construir | Market |
| 26:44 | Investigar | Double-Bit Axe |
| 26:45 | Investigar | Bow Saw |
| 26:47 | Investigar | Horse Collar |
| 26:47 | Investigar | Heavy Plow |
| 26:48 | Investigar | Heavy Plow |
| 27:49 | Construir | Feitoria |
| 28:37 | Construir | Farm |
| 28:37 | Construir | Farm |
| 28:38 | Construir | Farm |
| 28:38 | Construir | Farm |
| 28:38 | Construir | Farm |
| 28:42 | Construir | Farm |
| 28:48 | Crear | Villager (Male) |
| 28:49 | Crear | Villager (Male) |
| 28:49 | Crear | Villager (Male) |
| 28:49 | Investigar | Wheelbarrow |
| 28:50 | Crear | Villager (Male) |
| 28:51 | Crear | Villager (Male) |
| 28:51 | Crear | Villager (Male) |
| 28:51 | Crear | Villager (Male) |
| 28:51 | Crear | Villager (Male) |
| 28:52 | Crear | Villager (Male) |
| 28:53 | Crear | Villager (Male) |
| 28:53 | Crear | Villager (Male) |
| 28:53 | Crear | Villager (Male) |
| 29:36 | Construir | House |
| 30:09 | Construir | Farm |
| 30:09 | Construir | Farm |
| 30:09 | Construir | Farm |
| 30:09 | Construir | Farm |
| 30:18 | Construir | Settlement |
| 31:01 | Construir | Farm |
| 31:01 | Construir | Farm |
| 31:01 | Construir | Farm |
| 31:01 | Construir | Farm |
| 31:02 | Construir | Farm |
| 31:02 | Construir | Farm |
| 31:02 | Construir | Farm |
| 31:18 | Construir | Barracks |
| 31:21 | Construir | Barracks |
| 31:25 | Construir | Barracks |
| 31:35 | Construir | Barracks |
| 31:37 | Construir | Barracks |
Cronología de la partida
| 2:38 | OGsa · age_up feudal |
| 2:39 | Rabinol · age_up feudal |
| 2:42 | Lord Headass III · age_up feudal |
| 3:01 | Genghis Khan't · age_up feudal |
| 4:05 | Skilsu · age_up feudal |
| 4:54 | Jokky · age_up feudal |
| 5:00 | Lady Silverwing :AoQC · age_up feudal |
| 5:06 | Ccow6 · age_up feudal |
| 5:43 | OGsa · age_up castle |
| 6:02 | OGsa · first_building Siege Workshop |
| 6:06 | Genghis Khan't · age_up castle |
| 6:34 | Rabinol · age_up castle |
| 6:47 | Lord Headass III · age_up castle |
| 7:10 | Skilsu · age_up castle |
| 8:11 | Ccow6 · age_up castle |
| 8:35 | Lord Headass III · first_market_sell 100 wood |
| 8:44 | Lady Silverwing :AoQC · age_up castle |
| 9:41 | Genghis Khan't · age_up imperial |
| 9:51 | Lord Headass III · first_market_buy 100 wood |
| 10:33 | Jokky · age_up castle |
| 10:42 | OGsa · age_up imperial |
| 10:45 | Lord Headass III · age_up imperial |
| 10:46 | Ccow6 · first_building Siege Workshop |
| 11:05 | Lady Silverwing :AoQC · wall_segment Palisade Wall x1 |
| 11:08 | Skilsu · age_up imperial |
| 11:15 | Lady Silverwing :AoQC · wall_segment Palisade Wall x1 |
| 11:26 | Genghis Khan't · first_building Castle |
| 11:42 | Lady Silverwing :AoQC · wall_segment Palisade Wall x1 |
| 12:50 | Skilsu · wall_segment Palisade Wall x1 |
| 12:54 | Rabinol · wall_segment Palisade Wall x1 |
| 12:57 | Rabinol · wall_segment Palisade Wall x1 |
| 13:06 | Ccow6 · wall_segment Palisade Wall x1 |
| 13:07 | Rabinol · wall_segment Palisade Wall x1 |
| 13:11 | Jokky · wall_segment Palisade Wall x1 |
| 13:23 | Ccow6 · wall_segment Palisade Wall x1 |
| 13:40 | Skilsu · first_building Siege Workshop |
| 13:41 | Rabinol · wall_segment Palisade Wall x1 |
| 13:45 | Rabinol · wall_segment Palisade Wall x1 |
| 13:49 | Jokky · wall_segment Palisade Wall x1 |
| 13:53 | Lady Silverwing :AoQC · age_up imperial |
| 13:59 | Rabinol · age_up imperial |
| 14:20 | Jokky · wall_segment Palisade Wall x1 |
| 14:25 | Skilsu · first_market_buy 100 food |
| 14:28 | Ccow6 · age_up imperial |
| 14:33 | Skilsu · first_market_sell 100 wood |
| 14:58 | Lady Silverwing :AoQC · wall_segment Palisade Wall x1 |
| 15:44 | Lady Silverwing :AoQC · wall_segment Palisade Wall x1 |
| 15:50 | Jokky · wall_segment Palisade Wall x1 |
| 15:53 | Lady Silverwing :AoQC · wall_segment Palisade Wall x1 |
| 15:59 | Lady Silverwing :AoQC · wall_segment Palisade Wall x1 |
| 16:02 | Lady Silverwing :AoQC · wall_segment Palisade Wall x1 |
| 16:05 | Jokky · wall_segment Palisade Wall x1 |
| 16:30 | Rabinol · wall_segment Palisade Wall x1 |
| 16:30 | Jokky · wall_segment Palisade Wall x1 |
| 16:52 | Jokky · wall_segment Palisade Wall x1 |
| 17:06 | Jokky · wall_segment Palisade Wall x1 |
| 17:39 | Jokky · wall_segment Palisade Wall x1 |
| 17:45 | Jokky · wall_segment Palisade Wall x1 |
| 18:06 | Jokky · wall_segment Palisade Wall x1 |
| 18:19 | Jokky · wall_segment Palisade Wall x1 |
| 18:21 | Skilsu · first_building Castle |
| 18:45 | Ccow6 · wall_segment Palisade Wall x1 |
| 18:49 | OGsa · first_building Barracks |
| 18:51 | Jokky · wall_segment Palisade Wall x1 |
| 19:34 | Rabinol · first_market_sell 500 wood |
| 19:41 | Rabinol · first_market_buy 500 food |
| 19:41 | Jokky · wall_segment Palisade Wall x1 |
| 20:32 | Jokky · wall_segment Palisade Wall x1 |
| 20:37 | Jokky · wall_segment Palisade Wall x1 |
| 20:42 | Jokky · wall_segment Palisade Wall x1 |
| 20:53 | Lady Silverwing :AoQC · wall_segment Palisade Wall x1 |
| 21:16 | Lady Silverwing :AoQC · wall_segment Palisade Wall x2 |
| 21:20 | Rabinol · wall_segment Palisade Wall x1 |
| 21:23 | OGsa · first_building Castle |
| 21:23 | Rabinol · wall_segment Palisade Wall x1 |
| 21:29 | Rabinol · wall_segment Palisade Wall x1 |
| 21:59 | Jokky · wall_segment Palisade Wall x1 |
| 22:29 | Jokky · wall_segment Palisade Wall x1 |
| 22:41 | Jokky · wall_segment Palisade Wall x1 |
| 22:55 | Rabinol · first_building Siege Workshop |
| 23:30 | Jokky · wall_segment Palisade Wall x1 |
| 23:32 | Jokky · age_up imperial |
| 23:35 | Lord Headass III · first_building Siege Workshop |
| 23:52 | Lady Silverwing :AoQC · wall_segment Palisade Wall x1 |
| 23:53 | Jokky · wall_segment Palisade Wall x1 |
| 23:58 | Jokky · wall_segment Palisade Wall x1 |
| 23:58 | Lady Silverwing :AoQC · wall_segment Palisade Wall x1 |
| 24:06 | Lady Silverwing :AoQC · wall_segment Palisade Wall x1 |
| 24:48 | Jokky · wall_segment Palisade Wall x1 |
| 25:05 | Jokky · wall_segment Palisade Wall x1 |
| 25:08 | Lady Silverwing :AoQC · wall_segment Palisade Wall x1 |
| 25:10 | Lady Silverwing :AoQC · wall_segment Palisade Wall x1 |
| 25:12 | Jokky · wall_segment Palisade Wall x1 |
| 25:16 | Lady Silverwing :AoQC · wall_segment Palisade Wall x1 |
| 25:20 | Lady Silverwing :AoQC · wall_segment Palisade Wall x1 |
| 25:23 | Lady Silverwing :AoQC · wall_segment Palisade Wall x1 |
| 25:38 | Lady Silverwing :AoQC · wall_segment Palisade Wall x1 |
| 26:06 | Jokky · wall_segment Palisade Wall x1 |
| 26:15 | Jokky · wall_segment Palisade Wall x1 |
| 26:24 | Jokky · wall_segment Palisade Wall x1 |
| 27:12 | Jokky · wall_segment Palisade Wall x1 |
| 27:13 | Ccow6 · first_market_sell 500 wood |
| 27:22 | Jokky · first_market_buy 100 food |
| 27:26 | Jokky · first_market_sell 500 wood |
| 27:49 | Jokky · wall_segment Palisade Wall x1 |
| 28:01 | Jokky · wall_segment Palisade Wall x1 |
| 29:03 | Skilsu · first_building Barracks |
| 29:09 | Lord Headass III · wall_segment Palisade Wall x1 |
| 29:10 | Lord Headass III · wall_segment Palisade Wall x1 |
| 29:11 | Lord Headass III · wall_segment Palisade Wall x1 |
| 29:12 | Lord Headass III · wall_segment Palisade Wall x2 |
| 29:12 | Lord Headass III · wall_segment Palisade Wall x1 |
| 29:13 | Lord Headass III · wall_segment Palisade Wall x1 |
| 29:13 | Lord Headass III · wall_segment Palisade Wall x1 |
| 29:14 | Lord Headass III · wall_segment Palisade Wall x1 |
| 29:14 | Lord Headass III · wall_segment Palisade Wall x1 |
| 29:15 | Lord Headass III · wall_segment Palisade Wall x1 |
| 29:15 | Lord Headass III · wall_segment Palisade Wall x1 |
| 29:16 | Lord Headass III · wall_segment Palisade Wall x1 |
| 29:17 | Lord Headass III · wall_segment Palisade Wall x1 |
| 29:17 | Lord Headass III · wall_segment Palisade Wall x1 |
| 29:18 | Lord Headass III · wall_segment Palisade Wall x1 |
| 29:18 | Lord Headass III · wall_segment Palisade Wall x1 |
| 29:19 | Lord Headass III · wall_segment Palisade Wall x1 |
| 29:19 | Lord Headass III · wall_segment Palisade Wall x1 |
| 29:20 | Lord Headass III · wall_segment Palisade Wall x1 |
| 29:20 | Lord Headass III · wall_segment Palisade Wall x1 |
| 29:21 | Lord Headass III · wall_segment Palisade Wall x1 |
| 29:22 | Lord Headass III · wall_segment Palisade Wall x1 |
| 29:22 | Lord Headass III · wall_segment Palisade Wall x1 |
| 29:22 | Lord Headass III · wall_segment Palisade Wall x1 |
| 29:23 | Lord Headass III · wall_segment Palisade Wall x1 |
| 29:23 | Lord Headass III · wall_segment Palisade Wall x1 |
| 29:24 | Lord Headass III · wall_segment Palisade Wall x1 |
| 29:24 | Lord Headass III · wall_segment Palisade Wall x1 |
| 29:24 | Lord Headass III · wall_segment Palisade Wall x1 |
| 29:25 | Lord Headass III · wall_segment Palisade Wall x2 |
| 29:25 | Lord Headass III · wall_segment Palisade Wall x1 |
| 29:26 | Lord Headass III · wall_segment Palisade Wall x1 |
| 29:26 | Lord Headass III · wall_segment Palisade Wall x1 |
| 29:27 | Lord Headass III · wall_segment Palisade Wall x1 |
| 29:39 | Skilsu · first_building Archery Range |
| 29:42 | Jokky · wall_segment Palisade Wall x1 |
| 29:50 | Lord Headass III · first_building Castle |
| 30:16 | Jokky · first_building Siege Workshop |
| 30:31 | Jokky · wall_segment Palisade Wall x1 |
| 30:56 | Rabinol · first_building Castle |
| 31:03 | Lady Silverwing :AoQC · first_building Siege Workshop |
| 31:18 | Ccow6 · first_building Barracks |
| 31:28 | Rabinol · wall_segment Palisade Wall x3 |
| 31:50 | Jokky · wall_segment Palisade Wall x1 |
| 35:26 | Rabinol · wall_segment Palisade Wall x1 |
| 35:31 | Rabinol · wall_segment Palisade Wall x1 |
| 35:36 | Rabinol · wall_segment Palisade Wall x6 |
| 35:40 | Rabinol · wall_segment Palisade Wall x4 |
| 35:46 | Lady Silverwing :AoQC · wall_segment Palisade Wall x3 |
| 35:49 | Lady Silverwing :AoQC · wall_segment Palisade Wall x16 |
| 35:52 | Lady Silverwing :AoQC · wall_segment Palisade Wall x25 |
| 35:53 | Rabinol · wall_segment Palisade Wall x1 |
| 35:54 | Rabinol · wall_segment Palisade Wall x1 |
| 35:55 | Rabinol · wall_segment Palisade Wall x1 |
| 35:55 | Rabinol · wall_segment Palisade Wall x1 |
| 35:56 | Rabinol · wall_segment Palisade Wall x1 |
| 35:56 | Rabinol · wall_segment Palisade Wall x1 |
| 35:57 | Rabinol · wall_segment Palisade Wall x1 |
| 35:57 | Rabinol · wall_segment Palisade Wall x1 |
| 35:57 | Lady Silverwing :AoQC · wall_segment Palisade Wall x20 |
| 35:58 | Rabinol · wall_segment Palisade Wall x1 |
| 35:59 | Rabinol · wall_segment Palisade Wall x1 |
| 36:01 | Rabinol · wall_segment Palisade Wall x1 |
| 36:01 | Rabinol · wall_segment Palisade Wall x1 |
| 36:01 | Lady Silverwing :AoQC · wall_segment Palisade Wall x26 |
| 36:04 | Lady Silverwing :AoQC · wall_segment Palisade Wall x35 |
| 36:05 | Rabinol · wall_segment Palisade Wall x1 |
| 36:49 | Rabinol · wall_segment Palisade Wall x1 |
| 36:51 | Rabinol · wall_segment Palisade Wall x2 |
| 36:55 | Rabinol · wall_segment Palisade Wall x1 |
| 36:56 | Rabinol · wall_segment Palisade Wall x1 |
| 36:56 | Lady Silverwing :AoQC · wall_segment Palisade Wall x1 |
| 37:04 | Ccow6 · first_building Castle |
| 37:26 | Rabinol · wall_segment Palisade Wall x1 |
| 37:28 | Rabinol · wall_segment Palisade Wall x2 |
| 37:30 | Rabinol · wall_segment Palisade Wall x1 |
| 37:33 | Rabinol · wall_segment Palisade Wall x1 |
| 37:51 | Rabinol · wall_segment Palisade Wall x2 |
| 37:52 | Rabinol · wall_segment Palisade Wall x3 |
| 38:24 | Rabinol · wall_segment Palisade Wall x3 |
| 38:46 | Lady Silverwing :AoQC · wall_segment Palisade Wall x3 |
| 38:48 | Lady Silverwing :AoQC · wall_segment Palisade Wall x6 |
| 38:50 | Lady Silverwing :AoQC · wall_segment Palisade Wall x5 |
| 38:53 | Lady Silverwing :AoQC · wall_segment Palisade Wall x7 |
| 39:03 | Rabinol · wall_segment Palisade Wall x6 |
| 39:08 | Rabinol · wall_segment Palisade Wall x2 |
| 39:10 | Rabinol · wall_segment Palisade Wall x5 |
| 39:14 | Rabinol · wall_segment Palisade Wall x1 |
| 39:14 | Rabinol · wall_segment Palisade Wall x1 |
| 39:53 | Jokky · wall_segment Palisade Wall x1 |
| 39:54 | Jokky · wall_segment Palisade Wall x1 |
| 39:54 | Jokky · wall_segment Palisade Wall x1 |
| 39:54 | Jokky · wall_segment Palisade Wall x1 |
| 40:31 | Rabinol · wall_segment Palisade Wall x5 |
| 40:37 | Rabinol · wall_segment Palisade Wall x6 |
| 40:39 | Rabinol · wall_segment Palisade Wall x6 |
| 40:41 | Rabinol · wall_segment Palisade Wall x5 |
| 41:19 | Jokky · first_building Castle |
| 41:35 | OGsa · first_market_sell 500 food |
| 42:02 | Lord Headass III · first_building Stable |
| 45:09 | Ccow6 · first_building Archery Range |
| 48:28 | OGsa · wall_segment Palisade Wall x1 |
| 48:37 | OGsa · wall_segment Palisade Wall x3 |
| 49:12 | Rabinol · first_building Barracks |
| 49:17 | Rabinol · first_building Archery Range |
| 49:18 | Rabinol · first_building Stable |
| 49:30 | Ccow6 · wall_segment Stone Wall x10 |
| 49:35 | Lady Silverwing :AoQC · wall_segment Palisade Wall x2 |
| 49:39 | Lady Silverwing :AoQC · wall_segment Palisade Wall x2 |
| 50:21 | Lady Silverwing :AoQC · first_building Monastery |
| 50:25 | OGsa · wall_segment Palisade Wall x2 |
| 50:25 | OGsa · wall_segment Palisade Wall x3 |
| 50:25 | OGsa · wall_segment Palisade Wall x2 |
| 50:26 | OGsa · wall_segment Palisade Wall x1 |
| 50:26 | OGsa · wall_segment Palisade Wall x2 |
| 50:26 | OGsa · wall_segment Palisade Wall x2 |
| 50:27 | OGsa · wall_segment Palisade Wall x1 |
| 50:27 | OGsa · wall_segment Palisade Wall x1 |
| 50:28 | OGsa · wall_segment Palisade Wall x3 |
| 50:28 | OGsa · wall_segment Palisade Wall x2 |
| 50:28 | OGsa · wall_segment Palisade Wall x2 |
| 50:28 | OGsa · wall_segment Palisade Wall x1 |
| 50:29 | OGsa · wall_segment Palisade Wall x2 |
| 50:29 | OGsa · wall_segment Palisade Wall x2 |
| 50:29 | OGsa · wall_segment Palisade Wall x2 |
| 50:29 | OGsa · wall_segment Palisade Wall x5 |
| 50:30 | OGsa · wall_segment Palisade Wall x4 |
| 50:30 | OGsa · wall_segment Palisade Wall x2 |
| 50:30 | OGsa · wall_segment Palisade Wall x8 |
| 50:31 | OGsa · wall_segment Palisade Wall x5 |
| 50:31 | OGsa · wall_segment Palisade Wall x2 |
| 50:31 | OGsa · wall_segment Palisade Wall x2 |
| 50:32 | OGsa · wall_segment Palisade Wall x3 |
| 50:32 | OGsa · wall_segment Palisade Wall x1 |
| 50:32 | OGsa · wall_segment Palisade Wall x2 |
| 51:44 | OGsa · tribute_sent a jugador 1 |
| 51:44 | OGsa · tribute_sent a jugador 2 |
| 51:44 | OGsa · tribute_sent a jugador 3 |
| 51:44 | OGsa · tribute_sent a jugador 4 |
| 51:44 | OGsa · tribute_sent a jugador 5 |
| 51:44 | OGsa · tribute_sent a jugador 7 |
| 51:44 | OGsa · tribute_sent a jugador 8 |
| 51:53 | OGsa · tribute_sent a jugador 1 |
| 51:53 | OGsa · tribute_sent a jugador 2 |
| 51:53 | OGsa · tribute_sent a jugador 3 |
| 51:53 | OGsa · tribute_sent a jugador 4 |
| 51:53 | OGsa · tribute_sent a jugador 5 |
| 51:53 | OGsa · tribute_sent a jugador 7 |
| 51:53 | OGsa · tribute_sent a jugador 8 |
| 52:44 | Ccow6 · wall_segment Stone Wall x9 |
| 52:51 | Ccow6 · wall_segment Stone Wall x5 |
| 52:54 | Ccow6 · wall_segment Stone Wall x3 |
| 53:18 | Lord Headass III · first_building Monastery |
| 55:05 | Jokky · first_building Barracks |
| 55:09 | OGsa · wall_segment Palisade Wall x4 |
| 56:11 | OGsa · tribute_sent a jugador 1 |
| 56:11 | OGsa · tribute_sent a jugador 2 |
| 56:11 | OGsa · tribute_sent a jugador 3 |
| 56:11 | OGsa · tribute_sent a jugador 4 |
| 56:11 | OGsa · tribute_sent a jugador 5 |
| 56:11 | OGsa · tribute_sent a jugador 7 |
| 56:11 | OGsa · tribute_sent a jugador 8 |
| 56:11 | Lady Silverwing :AoQC · wall_segment Palisade Wall x5 |
| 56:13 | Lady Silverwing :AoQC · wall_segment Palisade Wall x6 |
| 56:40 | Ccow6 · wall_segment Palisade Wall x7 |
| 58:07 | Ccow6 · tribute_sent a jugador 1 |
| 58:07 | Ccow6 · tribute_sent a jugador 2 |
| 58:07 | Ccow6 · tribute_sent a jugador 3 |
| 58:07 | Ccow6 · tribute_sent a jugador 4 |
| 58:07 | Ccow6 · tribute_sent a jugador 5 |
| 58:07 | Ccow6 · tribute_sent a jugador 6 |
| 58:07 | Ccow6 · tribute_sent a jugador 8 |
| 58:25 | Skilsu · tribute_sent a jugador 2 |
| 58:25 | Skilsu · tribute_sent a jugador 3 |
| 58:25 | Skilsu · tribute_sent a jugador 4 |
| 58:25 | Skilsu · tribute_sent a jugador 5 |
| 58:25 | Skilsu · tribute_sent a jugador 6 |
| 58:25 | Skilsu · tribute_sent a jugador 7 |
| 58:25 | Skilsu · tribute_sent a jugador 8 |
| 58:38 | Genghis Khan't · tribute_sent a jugador 1 |
| 58:38 | Genghis Khan't · tribute_sent a jugador 2 |
| 58:38 | Genghis Khan't · tribute_sent a jugador 4 |
| 58:38 | Genghis Khan't · tribute_sent a jugador 5 |
| 58:38 | Genghis Khan't · tribute_sent a jugador 6 |
| 58:38 | Genghis Khan't · tribute_sent a jugador 7 |
| 58:38 | Genghis Khan't · tribute_sent a jugador 8 |
| 58:39 | Lord Headass III · tribute_sent a jugador 1 |
| 58:39 | Lord Headass III · tribute_sent a jugador 2 |
| 58:39 | Lord Headass III · tribute_sent a jugador 3 |
| 58:39 | Lord Headass III · tribute_sent a jugador 5 |
| 58:39 | Lord Headass III · tribute_sent a jugador 6 |
| 58:39 | Lord Headass III · tribute_sent a jugador 7 |
| 58:39 | Lord Headass III · tribute_sent a jugador 8 |
| 58:53 | Lady Silverwing :AoQC · wall_segment Palisade Wall x6 |
| 58:54 | Lady Silverwing :AoQC · wall_segment Palisade Wall x8 |
| 58:55 | Lady Silverwing :AoQC · wall_segment Palisade Wall x6 |
| 58:56 | Lady Silverwing :AoQC · wall_segment Palisade Wall x8 |
| 58:58 | Lady Silverwing :AoQC · wall_segment Palisade Wall x13 |
| 58:59 | Lady Silverwing :AoQC · wall_segment Palisade Wall x9 |
| 59:02 | Jokky · tribute_sent a jugador 1 |
| 59:03 | Jokky · tribute_sent a jugador 3 |
| 59:03 | Jokky · tribute_sent a jugador 4 |
| 59:03 | Jokky · tribute_sent a jugador 5 |
| 59:03 | Jokky · tribute_sent a jugador 6 |
| 59:03 | Jokky · tribute_sent a jugador 7 |
| 59:03 | Jokky · tribute_sent a jugador 8 |
| 59:09 | Ccow6 · wall_segment Stone Wall x9 |
| 59:20 | Ccow6 · wall_segment Stone Wall x1 |
| 59:24 | Ccow6 · wall_segment Stone Wall x1 |
| 59:47 | Lady Silverwing :AoQC · wall_segment Palisade Wall x2 |
| 59:49 | Lady Silverwing :AoQC · wall_segment Palisade Wall x2 |
| 59:51 | Lady Silverwing :AoQC · wall_segment Palisade Wall x1 |
| 59:52 | Lady Silverwing :AoQC · wall_segment Palisade Wall x1 |
| 60:18 | Lady Silverwing :AoQC · wall_segment Palisade Wall x2 |
| 60:20 | Lady Silverwing :AoQC · wall_segment Palisade Wall x1 |
| 60:20 | Rabinol · tribute_sent a jugador 1 |
| 60:20 | Rabinol · tribute_sent a jugador 2 |
| 60:20 | Rabinol · tribute_sent a jugador 3 |
| 60:20 | Rabinol · tribute_sent a jugador 4 |
| 60:20 | Rabinol · tribute_sent a jugador 6 |
| 60:20 | Rabinol · tribute_sent a jugador 7 |
| 60:20 | Rabinol · tribute_sent a jugador 8 |
| 60:21 | Lady Silverwing :AoQC · wall_segment Palisade Wall x1 |
| 60:24 | Lady Silverwing :AoQC · wall_segment Palisade Wall x2 |
| 60:27 | Lady Silverwing :AoQC · wall_segment Palisade Wall x3 |
| 60:29 | Lady Silverwing :AoQC · wall_segment Palisade Wall x2 |
| 60:31 | Lady Silverwing :AoQC · wall_segment Palisade Wall x4 |
| 60:34 | Lady Silverwing :AoQC · wall_segment Palisade Wall x5 |
| 60:41 | Lady Silverwing :AoQC · wall_segment Palisade Wall x2 |
| 60:43 | Lady Silverwing :AoQC · wall_segment Palisade Wall x4 |
| 60:46 | Lady Silverwing :AoQC · wall_segment Palisade Wall x3 |
| 61:13 | Jokky · first_building Stable |
| 62:29 | Lady Silverwing :AoQC · tribute_sent a jugador 1 |
| 62:29 | Lady Silverwing :AoQC · tribute_sent a jugador 2 |
| 62:29 | Lady Silverwing :AoQC · tribute_sent a jugador 3 |
| 62:29 | Lady Silverwing :AoQC · tribute_sent a jugador 4 |
| 62:29 | Lady Silverwing :AoQC · tribute_sent a jugador 5 |
| 62:29 | Lady Silverwing :AoQC · tribute_sent a jugador 6 |
| 62:29 | Lady Silverwing :AoQC · tribute_sent a jugador 7 |
| 66:09 | Ccow6 · wall_segment Stone Wall x7 |
| 66:13 | Lady Silverwing :AoQC · tribute_sent a jugador 1 |
| 66:13 | Lady Silverwing :AoQC · tribute_sent a jugador 2 |
| 66:13 | Lady Silverwing :AoQC · tribute_sent a jugador 3 |
| 66:13 | Lady Silverwing :AoQC · tribute_sent a jugador 4 |
| 66:13 | Lady Silverwing :AoQC · tribute_sent a jugador 5 |
| 66:13 | Lady Silverwing :AoQC · tribute_sent a jugador 6 |
| 66:13 | Lady Silverwing :AoQC · tribute_sent a jugador 7 |
| 67:27 | Genghis Khan't · first_building Archery Range |
| 68:33 | Genghis Khan't · first_building Stable |
| 69:17 | Skilsu · wall_segment Palisade Wall x1 |
| 69:19 | Skilsu · wall_segment Palisade Wall x1 |
| 69:20 | Skilsu · wall_segment Palisade Wall x1 |
| 69:22 | Skilsu · wall_segment Palisade Wall x1 |
| 69:23 | Skilsu · wall_segment Palisade Wall x1 |
| 69:24 | Skilsu · wall_segment Palisade Wall x1 |
| 69:31 | Skilsu · wall_segment Palisade Wall x1 |
| 69:32 | Skilsu · wall_segment Palisade Wall x1 |
| 69:33 | Skilsu · wall_segment Palisade Wall x1 |
| 72:14 | Skilsu · wall_segment Stone Wall x1 |
| 72:15 | Skilsu · wall_segment Stone Wall x1 |
| 72:16 | Skilsu · wall_segment Stone Wall x1 |
| 72:17 | Skilsu · wall_segment Stone Wall x1 |
| 72:18 | Skilsu · wall_segment Stone Wall x1 |
| 72:19 | Skilsu · wall_segment Stone Wall x1 |
| 72:20 | Skilsu · wall_segment Stone Wall x1 |
| 72:21 | Skilsu · wall_segment Stone Wall x1 |
| 72:22 | Skilsu · wall_segment Stone Wall x1 |
| 76:01 | Jokky · resign |
| 82:20 | Skilsu · wall_segment Palisade Wall x1 |
| 82:21 | Skilsu · wall_segment Palisade Wall x1 |
| 82:21 | Skilsu · wall_segment Palisade Wall x1 |
| 82:22 | Skilsu · wall_segment Palisade Wall x1 |
| 82:22 | Skilsu · wall_segment Palisade Wall x1 |
| 82:23 | Skilsu · wall_segment Palisade Wall x1 |
| 82:24 | Skilsu · wall_segment Palisade Wall x1 |
| 82:24 | Skilsu · wall_segment Palisade Wall x1 |
| 82:25 | Skilsu · wall_segment Palisade Wall x1 |
| 82:26 | Skilsu · wall_segment Palisade Wall x1 |
| 82:26 | Skilsu · wall_segment Palisade Wall x1 |
| 82:27 | Skilsu · wall_segment Palisade Wall x1 |
| 82:28 | Skilsu · wall_segment Palisade Wall x1 |
| 83:42 | Genghis Khan't · first_building Barracks |
| 84:42 | Ccow6 · tribute_sent a jugador 1 |
| 84:42 | Ccow6 · tribute_sent a jugador 2 |
| 84:43 | Ccow6 · tribute_sent a jugador 3 |
| 84:43 | Ccow6 · tribute_sent a jugador 4 |
| 84:43 | Ccow6 · tribute_sent a jugador 5 |
| 84:43 | Ccow6 · tribute_sent a jugador 6 |
| 84:43 | Ccow6 · tribute_sent a jugador 8 |
| 84:59 | Ccow6 · tribute_sent a jugador 1 |
| 84:59 | Ccow6 · tribute_sent a jugador 2 |
| 84:59 | Ccow6 · tribute_sent a jugador 3 |
| 84:59 | Ccow6 · tribute_sent a jugador 4 |
| 84:59 | Ccow6 · tribute_sent a jugador 5 |
| 84:59 | Ccow6 · tribute_sent a jugador 6 |
| 84:59 | Ccow6 · tribute_sent a jugador 8 |
| 85:41 | Ccow6 · first_building Monastery |
[ ANÁLISIS IA · 1 CRÉDITO ]
¿Qué pasó realmente en esta partida?
Wolo.gg analiza cada decisión: build order, eco, micro, errores típicos por bracket. Análisis personalizado por WhatsApp o Discord en 30 segundos.
Guía civ
Jemeres
Guía mapa
ZN@DeforestNothing (Custom)
Perfil
Lady Silverwing :AoQC